AoeStats
← L_S_D_D_S_L

Arena

506380286Analyzed
2v2 RM · 20d ago on Sep 13, 2026· 54m 58s· 4 players
Game mode
Random Map
Map size
Medium (4 player)
Population
200
Speed
Normal
Resources
Standard
Victory
Conquest
Starting age
Dark Age
Ending age
Imperial Age
RankedLock teamsTeams togetherTeam positionsShared explorationLock speedFull tech treeHidden civsTurbo modeCheats
Victory
Defeat
🇮🇹 Malay · Italy
1018
+14
🇩🇰 Slavs · Denmark
956
+17
🇫🇷 Vietnamese · France
995
-16
🇫🇷 Mongols · France
970
-15
Kaïser
9:55 Feudal Age
14:57 Castle Age
14:00 Stone Mining
18:22 Fletching
20:05 Gold Mining
20:26 Bodkin Arrow
22:43 Padded Archer Armor
25:36 Leather Archer Armor
36:31 Imperial Age
37:05 Elite Rattan Archer
38:20 Bracer
38:39 Gold Mining
38:34 Horse Collar
41:23 Wheelbarrow
42:21 Chemistry
43:24 Hand Cart
alissef
10:30 Feudal Age
12:12 Double-Bit Axe
12:09 Horse Collar
14:19 Loom
17:27 Castle Age
19:50 Heavy Plow
23:50 Padded Archer Armor
25:06 Bow Saw
24:52 Gold Mining
25:44 Fletching
26:46 Thumb Ring
33:59 Imperial Age
32:08 Wheelbarrow
31:33 Town Watch
31:59 Bodkin Arrow
32:19 Leather Archer Armor
36:14 Hand Cart
36:29 Bracer
37:01 Parthian Tactics
38:13 Ballistics
38:54 Chemistry
38:51 Gold Shaft Mining
38:07 Stone Mining
39:11 Conscription
38:25 Elite Mangudai
42:06 Stone Shaft Mining
53:18 Bloodlines
53:09 Husbandry
52:31 Light Cavalry
53:38 Hussar
55:11 Forging
55:07 Scale Barding Armor
maltheh9797
11:15 Feudal Age
15:23 Castle Age
14:26 Double-Bit Axe
14:25 Horse Collar
16:35 Bow Saw
21:15 Loom
24:28 Pikeman
25:08 Squires
37:48 Imperial Age
35:12 Fletching
35:44 Padded Archer Armor
36:20 Ballistics
36:30 Bodkin Arrow
37:28 Elite Skirmisher
38:54 Leather Archer Armor
42:35 Capped Ram
46:23 Wheelbarrow
45:33 Town Watch
45:17 Siege Ram
47:21 Ring Archer Armor
47:56 Chemistry
51:33 Conscription
51:21 Heavy Plow
51:40 Forging
51:36 Scale Barding Armor
51:40 Siege Engineers
52:59 Elite Boyar
L_S_D_D_S_L
5:42 Loom
11:13 Feudal Age
10:44 Horse Collar
10:51 Double-Bit Axe
14:44 Wheelbarrow
19:21 Castle Age
19:32 Bow Saw
19:48 Forging
20:00 Stone Mining
20:29 Scale Barding Armor
26:54 Imperial Age
25:14 Husbandry
26:54 Iron Casting
28:59 Hand Cart
29:43 Conscription
31:18 Padded Archer Armor
32:20 Blast Furnace
31:31 Heavy Plow
33:48 Town Watch
34:26 Fletching
34:37 Elite Battle Elephant
36:13 Elite Skirmisher
37:15 Bodkin Arrow
37:21 Padded Archer Armor
37:45 Thumb Ring
39:50 Town Patrol
40:09 Leather Archer Armor
39:55 Bracer
40:47 Ballistics
44:15 Siege Engineers
44:53 Caravan
53:41 Chemistry
Connection lost

Rejoining the realm…

Still unreachable

The connection could not be restored.

Session expired

The server has moved on; the page needs a fresh start.